AoeStats
← ogipochi_

Black Forest

504754799Analyzed
3v3 RM · 27d ago on Sep 6, 2026· 41m 15s· 6 players
Game mode
Random Map
Map size
Normal (6 player)
Population
200
Speed
Normal
Resources
Standard
Victory
Conquest
Starting age
Dark Age
Ending age
Imperial Age
RankedLock teamsTeams togetherTeam positionsShared explorationLock speedFull tech treeHidden civsTurbo modeCheats
Victory
Defeat
🇲🇽 Franks · Mexico
887
+45
🇯🇵 Vikings · Japan
848
+18
🇨🇳 Huns · China
833
+18
🇺🇸 Slavs · United States
937
-19
🇮🇳 Bohemians · India
910
-18
🇮🇳 Romans · India
822
-15
ogipochi_
0:46 Loom
12:40 Feudal Age
13:11 Town Watch
13:24 Gold Mining
13:25 Stone Mining
13:22 Double-Bit Axe
13:20 Horse Collar
19:10 Castle Age
18:51 Man-at-Arms
19:17 Arson
19:43 Forging
19:33 Scale Mail Armor
20:46 Bow Saw
25:59 Squires
25:45 Gambesons
26:34 Pikeman
28:03 Chieftains
30:55 Imperial Age
30:06 Town Patrol
30:15 Heavy Plow
31:08 Iron Casting
30:47 Long Swordsman
31:47 Chain Mail Armor
33:18 Capped Ram
33:21 Elite Berserk
34:24 Conscription
33:28 Two-Handed Swordsman
36:55 Blast Furnace
36:25 Plate Mail Armor
36:49 Chieftains
36:49 Champion
38:27 Crop Rotation
38:29 Siege Ram
178
6:04 Loom
11:37 Feudal Age
14:34 Double-Bit Axe
14:31 Horse Collar
14:48 Gold Mining
19:40 Castle Age
20:38 Bow Saw
24:08 Heavy Plow
26:12 Wheelbarrow
27:29 Husbandry
27:55 Caravan
29:48 Gold Shaft Mining
30:00 Bloodlines
29:51 Squires
30:10 Marauders
30:47 Scale Barding Armor
30:54 Forging
34:14 Imperial Age
33:53 Hand Cart
34:31 Chain Barding Armor
34:47 Iron Casting
34:26 Elite Tarkan
35:27 Conscription
37:36 Plate Barding Armor
38:17 Blast Furnace
Leoelchido
14:13 Loom
16:39 Feudal Age
17:58 Wheelbarrow
17:09 Town Watch
21:40 Double-Bit Axe
29:14 Castle Age
27:08 Gold Mining
27:11 Stone Mining
29:27 Forging
29:18 Scale Mail Armor
29:24 Scale Barding Armor
29:10 Fletching
29:22 Padded Archer Armor
28:49 Man-at-Arms
29:15 Arson
29:57 Town Patrol
30:53 Hand Cart
33:15 Long Swordsman
33:16 Pikeman
33:57 Squires
33:42 Gambesons
41:47 Imperial Age
Kamal Hassan
0:26 Loom
12:26 Feudal Age
16:22 Castle Age
15:24 Double-Bit Axe
15:21 Horse Collar
16:41 Wheelbarrow
18:41 Bow Saw
19:21 Heavy Plow
28:41 Town Watch
29:39 Hand Cart
29:24 Gold Mining
29:24 Stone Mining
30:03 Caravan
30:39 Coinage
30:12 Town Patrol
33:21 Imperial Age
30:56 Scale Mail Armor
34:19 Ballistics
33:55 Murder Holes
34:12 Masonry
33:59 Heavy Scorpion
34:00 Capped Ram
35:46 Chemistry
34:52 Siege Engineers
35:29 Conscription
35:40 Chain Mail Armor
35:35 Forging
35:31 Scale Barding Armor
35:59 Banking
35:40 Guilds
38:24 Ballistas
39:01 Elite Centurion
40:16 Pikeman
40:57 Squires
Binary Bat
0:27 Loom
14:40 Feudal Age
20:00 Castle Age
18:13 Double-Bit Axe
18:39 Horse Collar
20:29 Wheelbarrow
21:05 Bow Saw
23:54 Heavy Plow
27:39 Detinets
30:58 Hand Cart
35:32 Imperial Age
34:10 Bloodlines
34:00 Husbandry
34:15 Forging
34:11 Scale Barding Armor
35:02 Murder Holes
35:20 Fortified Wall
35:58 Masonry
36:36 Conscription
37:17 Iron Casting
37:03 Chain Barding Armor
36:19 Elite Boyar
39:29 Hoardings
Joe_N0T_Exotic
1:30 Loom
11:51 Feudal Age
16:01 Castle Age
14:31 Double-Bit Axe
14:29 Horse Collar
16:59 Bow Saw
16:53 Heavy Plow
20:00 Fervor
22:02 Wheelbarrow
28:16 Hand Cart
27:47 Town Watch
32:01 Imperial Age
29:34 Scale Mail Armor
29:44 Forging
32:44 Chemistry
32:05 Ballistics
31:56 Fortified Wall
31:41 Murder Holes
32:12 Caravan
36:28 Bombard Tower
36:26 Guilds
38:31 Chain Mail Armor
38:52 Iron Casting
38:30 Pikeman
39:10 Squires
38:56 Arson
39:14 Halberdier
Connection lost

Rejoining the realm…

Still unreachable

The connection could not be restored.

Session expired

The server has moved on; the page needs a fresh start.